Description

Clem's standard mine drop into bio push

Replay - LiquidClem v SZNightMare: Game 1 - Whispers of Gold

Build Order

Get SALT Encoding   

  12  0:00  SCV  
  13  0:12  SCV  
  14  0:17  Supply Depot  
  14  0:24  SCV  
  15  0:39  SCV  
  15  0:40  Barracks  
  16  0:44  Refinery  
  16  0:51  SCV  
  17  1:03  SCV  
  18  1:15  SCV  
  19  1:27  Orbital Command, Reaper  
  20  1:43  Command Center  
  20  1:52  Supply Depot  
  20  1:55  SCV  
  20  1:59  Marine  
  22  2:07  SCV  
  23  2:10  Factory  
  23  2:17  Bunker  
  23  2:21  SCV  
  24  2:23  Barracks Reactor  
  24  2:29  Refinery  
  26  2:55  Hellion  
  26  2:56  Orbital Command  
  28  3:00  Starport  
  28  3:03  Marine  
  31  3:18  Widow Mine  
  33  3:20  Supply Depot  
  33  3:25  Marine x2  
  37  3:38  Medivac  
  37  3:40  Widow Mine  
  43  3:47  Supply Depot  
  45  3:48  Marine x2  
  47  3:56  Barracks  
  49  4:02  Factory Tech Lab  
  49  4:06  Marine x2  
  48  4:11  Starport Tech Lab  
  50  4:17  Supply Depot  
  50  4:21  Siege Tank  
  55  4:26  Marine x2  
  55  4:28  Refinery  
  55  4:31  Raven  
  61  4:41  Bunker  
  62  4:52  Engineering Bay  
  62  4:59  Siege Tank  
  67  5:10  Barracks  
  70  5:19  Marauder, Stimpack  
  70  5:20  Terran Infantry Weapons Level 1  
  74  5:29  Refinery  
  74  5:33  Starport Reactor  
  75  5:40  Factory Reactor  
  81  5:43  Marauder  
  81  5:59  Command Center  
  81  6:03  Combat Shield  
  83  6:05  Marauder x2  
  87  6:14  Medivac x2  
  95  6:18  Widow Mine x2  
  97  6:33  Marauder x2  
  97  6:39  Barracks x2  
  103  6:43  Widow Mine x2  
  107  6:49  Medivac x2  
  111  6:59  Concussive Shells  
  115  7:02  Marauder x2  
  119  7:11  Widow Mine x2  
  125  7:17  Terran Infantry Armor Level 1  
  126  7:24  Marauder x2  
  124  7:30  Medivac  
  124  7:32  Barracks Tech Lab, Barracks Reactor  
  124  7:37  Orbital Command  
  124  7:42  Widow Mine x2  
  117  7:50  Medivac  
  110  8:02  Ghost Academy  
  119  8:13  Bunker  
  126  8:26  Armory  
  130  8:30  Engineering Bay  
  126  8:35  Medivac x2  
  132  8:46  Refinery x2  
  132  8:47  Ghost  
  137  8:55  Command Center  
  141  9:05  Sensor Tower  
  141  9:07  Orbital Command  
  141  9:09  Barracks x3  
  141  9:15  Ghost x2  
  147  9:22  Orbital Command  
  146  9:25  Ghost  
  148  9:52  Medivac  
  135  10:26  Refinery x2  
  148  10:43  Planetary Fortress  
  161  11:04  Liberator  
  162  11:28  Command Center  
Spawning Tool Build Advisor. Get it on Overwolf

Go to:

Details

  • Created by: herkoss
  • Published on: Jan 29, 2025
  • Patch: 5.0.11
  • Difficulty: Hard
Show
View Real Time Build Order
Export as new Build Order

Comments (1)

On Aug. 28, 2025, 10:36 a.m., EighthTime  said:

vod: https://www.youtube.com/watch?v=358Arl8IInk

Create an account to comment!